 Dungeon Crawl Stone Soup version 0.14-a0-181-gf6fe0c6 (webtiles) character file.

279 Malachi the Skirmisher (level 4, -2/43 HPs)
             Began as a Naga Fighter on Oct 7, 2013.
             Slain by a hobgoblin (4 damage)
             ... on Level 3 of the Dungeon.
             The game lasted 00:02:41 (1967 turns).

Malachi the Skirmisher (Naga Fighter)               Turns: 1967, Time: 00:02:41

HP  -2/43        AC  5     Str 20      XL: 4   Next: 83%
MP   3/3         EV  4     Int  8      God:
Gold 174         SH 18     Dex 10      Spells:  0 memorised,  3 levels left

Res.Fire  : . . .   See Invis. : +   a - +0 trident
Res.Cold  : . . .   Warding    : .   b - +0 scale mail
Life Prot.: . . .   Conserve   : .   c - +0 shield
Res.Poison: +       Res.Corr.  : .   (no helmet)
Res.Elec. : .       Clarity    : .   (no cloak)
Sust.Abil.: . .     Spirit.Shd : .   (no gloves)
Res.Mut.  : .       Stasis     : .   (no barding)
Res.Rott. : .       Flight     : .   (no amulet)
Saprovore : . . .                    (no ring)
                                     (no ring)

@: very slow, slightly resistant to hostile enchantments, extremely unstealthy
A: spit poison, see invisible, deformed body, poison resistance, slowness 2, AC
+1
a: Spit Poison


You were on level 3 of the Dungeon.
You were not hungry.

You visited 1 branch of the dungeon, and saw 3 of its levels.

You collected 154 gold pieces.

Inventory:

Hand weapons
 a - a +0,+0 trident (weapon)
Armour
 b - a +0 scale mail (worn)
 c - a +0 shield (worn)
Comestibles
 d - 2 bread rations
 k - a cheese
 p - a chunk of adder flesh
Scrolls
 f - 2 scrolls of remove curse {unknown}
 g - 4 scrolls of identify {unknown}
 h - 2 scrolls of blinking {unknown}
 i - a scroll of curse weapon {unknown}
 l - a scroll of recharging {unknown}
 m - 2 scrolls of fear {unknown}
 n - a scroll of enchant weapon I {unknown}
 o - a scroll of random uselessness {unknown}
Potions
 e - 2 potions of heal wounds {unknown}
 j - a potion of cure mutation {unknown}


   Skills:
 + Level 3.5 Fighting
 * Level 2.8 Polearms
 + Level 3.1 Armour
 + Level 1.0 Dodging
 + Level 0.4 Stealth
 + Level 2.7 Shields


You had 3 spell levels left.
You didn't know any spells.

Dungeon Overview and Level Annotations

Branches:
Dungeon (3/27)

Altars:
Nemelex Xobeh


Innate Abilities, Weirdness & Mutations

You cannot wear boots.
You can spit poison.
Your serpentine skin is tough (AC +1).
You have supernaturally acute eyesight.
Armour fits poorly on your strangely shaped body.
Your system is resistant to poisons.
You cover ground very slowly.


Message History

You are too injured to fight recklessly!
You are too injured to fight recklessly!
You block the hobgoblin's attack. The hobgoblin hits you.
* * * LOW HITPOINT WARNING * * *
You barely miss the hobgoblin. You block the hobgoblin's attack.
You closely miss the hobgoblin.
The hobgoblin hits you but does no damage.
You hit the hobgoblin but do no damage.
The hobgoblin hits you but does no damage.
You closely miss the hobgoblin.
The hobgoblin hits you but does no damage.
You hit the hobgoblin.
The hobgoblin is lightly wounded.
The hobgoblin hits you.
* * * LOW HITPOINT WARNING * * *
You block the hobgoblin's attack.
You hit the hobgoblin but do no damage.
The hobgoblin is lightly wounded.
The hobgoblin hits you.
You die...

###.####...##...##
########.#####'#######
#..........###.##
.##...#.#.##...#
#....'.#.##.♣.#
#....#.#.##...#
#....#.#+###>##
#....#.....###
#...@g.......
#....#.......
###.#.#..((........
........(..........
###...(..).#...^..
..........#......
.................
.........#..#...
........#..###


You could see a hobgoblin.

Vanquished Creatures
  Ijyb (D:2)
  2 adders
  An inept item mimic (D:3)
  A worm (D:2)
  3 oozes
  An orc (D:2)
  9 bats
  2 giant cockroaches (D:2)
  7 goblins
  6 hobgoblins
  2 jackals (D:2)
  A quokka (D:3)
  A giant gecko (D:2)
  4 giant newts
  6 kobolds
  7 rats
54 creatures vanquished.

Notes
Turn   | Place    | Note
--------------------------------------------------------------
     0 | D:1      | Malachi, the Naga Fighter, began the quest for the Orb.
     0 | D:1      | Reached XP level 1. HP: 21/21 MP: 0/0
   145 | D:1      | Reached XP level 2. HP: 12/28 MP: 1/1
   900 | D:2      | Reached XP level 3. HP: 12/36 MP: 2/2
  1621 | D:2      | Noticed Ijyb
  1628 | D:2      | Killed Ijyb
  1628 | D:2      | Reached XP level 4. HP: 37/43 MP: 3/3
  1649 | D:2      | Found a sparkling altar of Nemelex Xobeh.
  1941 | D:3      | Reached skill level 1 in Dodging
  1966 | D:3      | HP: 2/43 [hobgoblin (3)]
  1967 | D:3      | Slain by a hobgoblin

Action                   |  1- 3 |  4- 6 || total
-------------------------+-------+-------++-------
Melee: Trident           |   139 |    74 ||   213
 Abil: Spit Poison       |     5 |     2 ||     7
